 Dungeon Crawl Stone Soup version 0.29.1-15-g9cfb28693d (webtiles) character file.

Game seed: 13723840202736129601

2 Ast the Magician (level 1, -1/10 HPs)
             Began as a Deep Elf Hedge Wizard on Mar 12, 2023.
             Slain by a frilled lizard (2 damage)
             ... on level 1 of the Dungeon.
             The game lasted 00:02:38 (185 turns).

Ast the Magician (Deep Elf Hedge Wizard)             Turns: 185, Time: 00:02:39

Health: -1/10      AC:  3    Str:  7    XL:     1   Next: 33%
Magic:  8/8        EV: 11    Int: 18    God:
Gold:   10         SH:  0    Dex: 14    Spells: 8/9 levels left

rFire   . . .      SeeInvis .   h - +0 short sword
rCold   . . .      Faith    .   (no shield)
rNeg    . . .      Spirit   .   i - +0 leather armour
rPois   .          Reflect  .   c - +0 hat
rElec   .          Harm     .   (no cloak)
rCorr   .          Rampage  .   (no gloves)
Will    .....                   (no boots)
Stlth   ++........              (no amulet)
HPRegen 0.03/turn               (no ring)
MPRegen 0.11/turn               (no ring)

@: no status effects
A: no striking features
a: no special abilities


You were on level 1 of the Dungeon.
You visited 1 branch of the dungeon, and saw 1 of its levels.

You collected 10 gold pieces.

Inventory:

Hand Weapons
 a - a +0 dagger
 e - a +0 dagger
 g - a +0 dagger
 h - a +0 short sword (weapon)
Missiles
 k - 4 boomerangs
Armour
 b - a +0 robe
 c - a +0 hat (worn)
 i - a +0 leather armour (worn)
Scrolls
 f - a scroll of poison {unknown}
 j - a scroll of torment {unknown}
Potions
 d - a potion of magic


   Skills:
 + Level 2.4 Dodging
 + Level 2.4 Stealth
 + Level 4.6 Spellcasting
 + Level 1.1 Conjurations
 + Level 1.1 Summonings
 + Level 1.1 Translocations


You had 8 spell levels left.
You knew the following spells:

 Your Spells              Type           Power      Damage    Failure   Level
a - Magic Dart            Conj           32%        1d4       13%         1

Your spell library contained the following spells:

 Spells                   Type           Power      Damage    Failure   Level
 Blink                    Tloc           16%        N/A       21%         2
 Call Imp                 Summ           8%         N/A       21%         2
 Slow                     Hex            16%        N/A       22%         1
 Conjure Flame            Conj/Fire      6%         6-21      45%         3
 Mephitic Cloud           Conj/Pois/Air  5%         N/A       47%         3


Dungeon Overview and Level Annotations

Branches:
Dungeon (1/15)

Altars:


Message History

a giant cockroach corpse
Found a robe.
j - a scroll labelled EPAXZI ZUOMP
There are no items here.
A frilled lizard comes into view.
Found a viscous brown potion.
The frilled lizard hisses angrily.
You see here 4 boomerangs.
k - 4 boomerangs The ball python hisses angrily.
The ball python barely misses you. The ball python grabs you.
The ball python constricts you.
The ball python's grasp on you weakens, but your attempt to escape fails.
The ball python closely misses you. The ball python constricts you.
You escape the ball python's grasp.
The ball python bites you. The ball python grabs you.
The ball python constricts you.
You see here a giant cockroach corpse.
You escape the ball python's grasp.
There are no items here.
You completely miss the ball python. The ball python barely misses you. x2
You hit the ball python but do no damage.
The ball python bites you but does no damage.
The ball python grabs you. The ball python constricts you.
You barely miss the ball python. The ball python barely misses you.
The ball python constricts you.
The frilled lizard bites you but does no damage.
The ball python closely misses you. The ball python constricts you.
You barely miss the ball python. The ball python barely misses you.
The ball python constricts you. The frilled lizard barely misses you.
You closely miss the ball python. The ball python bites you.
* * * LOW HITPOINT WARNING * * *
The ball python constricts you.
* * * LOW HITPOINT WARNING * * *
The frilled lizard bites you but does no damage.
The ball python closely misses you. The ball python constricts you.
* * * LOW HITPOINT WARNING * * *
You hit the ball python.
You kill the ball python!
The frilled lizard bites you.
You die...

..! .#. #.# ...
... .. #.# .. #.#
.# ##.## .#
##...######.###.#
#..#....l.......#
#.###.†.†@......[.
#..#..#####.#####.
##...#......# ##
##.##.###### .#
#.# .# .#######
#.# .# ..>....#
#.# .#
######.###.##.#
..............#


You could see a frilled lizard.

Vanquished Creatures
  A giant cockroach (D:1)
  A goblin (D:1)
  A ball python (D:1)
3 creatures vanquished.

Notes
Turn   | Place    | Note
-------+----------+-------------------------------------------
     0 | D:1      | Ast the Deep Elf Hedge Wizard began the quest for the Orb.
     0 | D:1      | Reached XP level 1. HP: 10/10 MP: 7/7
   185 | D:1      | Slain by a frilled lizard

Illustrated notes

Levels and vault maps discovered:
D:1:      mainiacjoe_arrival_reflecting_pool, layout_loops_ring

Action                   || total
-------------------------++-------
Melee: Short sword       ||    12
 Cast: Magic Dart        ||     1
Armor: Leather armour    ||     6
Dodge: Dodged            ||    13
